 Dungeon Crawl Stone Soup version 0.28.0-45-g0d030f2227 (webtiles) character file.

Game seed: 8310743500988392885

26 CryoSword the Caller (level 2, 0/21 HPs)
             Began as a Demonspawn Summoner on Apr 20, 2022.
             Slain by a hobgoblin
             ... wielding a +0 mace
              (7 damage)
             ... on level 2 of the Dungeon on Apr 21, 2022.
             The game lasted 00:02:27 (2090 turns).

CryoSword the Caller (Demonspawn Summoner)          Turns: 2090, Time: 00:02:27

Health: 0/21       AC:  2    Str:  8    XL:     2   Next: 89%
Magic:  1/5        EV: 12    Int: 16    God:
Gold:   16         SH:  0    Dex: 13    Spells: 2/5 levels left

rFire   . . .      SeeInvis .   d - +0 whip
rCold   . . .      Faith    .   (no shield)
rNeg    . . .      Spirit   .   a - +0 robe
rPois   .          Reflect  .   (no helmet)
rElec   .          Harm     .   (no cloak)
rCorr   .          Rampage  .   (no gloves)
Will    .....                   (no boots)
Stlth   ++........              (no amulet)
HPRegen 0.07/turn               (no ring)
MPRegen 0.09/turn               (no ring)

@: no status effects
A: powered by death 1
a: no special abilities


You were on level 2 of the Dungeon.
You visited 1 branch of the dungeon, and saw 2 of its levels.

You collected 16 gold pieces.

Inventory:

Hand Weapons
 d - a +0 whip (weapon)
   (You found it on level 1 of the Dungeon)
Armour
 a - a +0 robe (worn)
Jewellery
 c - a ring of protection from cold
   (You found it on level 1 of the Dungeon)
Scrolls
 b - 3 scrolls of fog {unknown}
 h - a scroll of identify {unknown}
Potions
 e - a potion of might {unknown}
 f - a potion of magic {unknown}
 g - a potion of heal wounds {unknown}


   Skills:
 * Level 1.0 Fighting
 * Level 0.5 Polearms
 - Level 2.0 Dodging
 - Level 2.0 Stealth
 + Level 2.1 Spellcasting
 * Level 4.3 Summonings


You had 2 spell levels left.
You knew the following spells:

 Your Spells              Type           Power      Damage    Failure   Level
a - Summon Small Mammal   Summ           60%        N/A       3%          1
b - Call Imp              Summ           15%        N/A       5%          2

Your spell library contained the following spells:

 Spells                   Type           Power      Damage    Failure   Level
 Call Canine Familiar     Summ           15%        N/A       11%         3
 Summon Guardian Golem    Hex/Summ       8%         N/A       26%         3
 Summon Lightning Spire   Summ/Air       8%         N/A       63%         4


Dungeon Overview and Level Annotations

Branches:
Dungeon (2/15)

Altars:


Innate Abilities, Weirdness & Mutations

You regenerate a little health from kills.


Message History

Your bat's corpse disappears in a puff of smoke!
The jackal misses you.
Your bat closely misses the hobgoblin.
The hobgoblin hits your bat with a +0 mace.
Your bat dies!
Your bat's corpse disappears in a puff of smoke!
You miscast Summon Small Mammal.
You are very lightly contaminated with residual magic.
Nothing appears to happen.
The jackal misses you. The jackal barely misses you.
The jackal barely misses you. The jackal closely misses you.
The jackal closely misses you.
Your quokka barely misses the jackal.
The jackal barely misses you. The hobgoblin misses your quokka.
You swap places.
Your quokka barely misses the jackal.
The jackal bites your rat.
The hobgoblin hits your quokka with a +0 mace!
Your quokka dies!
Your quokka's corpse disappears in a puff of smoke!
Your rat bites the jackal.
Your magical contamination has completely faded away.
The jackal bites your rat.
Your rat dies!
Your rat's corpse disappears in a puff of smoke!
The jackal barely misses you.
You swap places.
The jackal bites your rat.
Your rat dies!
Your rat's corpse disappears in a puff of smoke!
The jackal bites you. The jackal bites you. x2
* * * LOW HITPOINT WARNING * * *
Your quokka bites the hobgoblin but does no damage.
The jackal misses you.
Your quokka bites the hobgoblin.
The jackal bites you.
* * * LOW HITPOINT WARNING * * *
The hobgoblin closely misses your quokka.
Your quokka bites the hobgoblin but does no damage.
The hobgoblin barely misses your quokka.
Your quokka completely misses the jackal.
Your quokka closely misses the hobgoblin.
Your quokka closely misses the jackal.
The jackal misses you.
Your quokka barely misses the jackal.
The jackal barely misses you.
Your quokka bites the jackal.
Your quokka barely misses the hobgoblin.
The hobgoblin closely misses your quokka.
The jackal bites you but does no damage.
There is a stone staircase leading up here.
Your quokka bites the hobgoblin but does no damage.
The jackal bites you but does no damage.
The hobgoblin misses your quokka.
You climb upwards.
There is a stone staircase leading down here.
You closely miss the jackal. The jackal barely misses you. x2
You hit the jackal. The jackal misses you.
You miscast Summon Small Mammal.
You are very lightly contaminated with residual magic.
Nothing appears to happen.
The jackal barely misses you. The jackal bites you.
* * * LOW HITPOINT WARNING * * *
The jackal bites you but does no damage.
The jackal bites you.
* * * LOW HITPOINT WARNING * * *
The jackal closely misses you.
Your magical contamination has completely faded away.
You completely miss the jackal.
The jackal bites you but does no damage.
The jackal barely misses you.
You swap places.
The jackal bites your quokka.
Your quokka barely misses the jackal.
The jackal barely misses your quokka.
Your quokka closely misses the jackal.
The jackal bites your quokka.
Your quokka barely misses the jackal.
The jackal closely misses your quokka.
Your quokka barely misses the jackal.
The jackal bites your quokka but does no damage.
Your quokka completely misses the jackal.
The jackal closely misses your quokka. The jackal bites your quokka.
Your quokka dies!
Your quokka's corpse disappears in a puff of smoke!
The jackal bites you.
* * * LOW HITPOINT WARNING * * *
You miss the jackal.
The jackal bites you but does no damage.
You closely miss the jackal. The jackal bites you.
* * * LOW HITPOINT WARNING * * *
The jackal closely misses you.
The jackal bites you but does no damage.
The jackal bites you.
* * * LOW HITPOINT WARNING * * *
You barely miss the jackal.
The jackal bites you but does no damage.
Your rat misses the jackal. You closely miss the jackal.
The jackal barely misses you.
Your rat bites the jackal.
The jackal bites your rat.
You catch the helpless jackal completely off-guard!
You hit the jackal.
You kill the jackal!
Your rat disappears in a puff of smoke!
Key pressed, stopping explore.
Done exploring.
Done exploring.
Done exploring.
There is a stone staircase leading down here.
You climb downwards.
There is a stone staircase leading up here.
The hobgoblin hits your rat with a +0 mace!
Your rat dies!
Your rat's corpse disappears in a puff of smoke!
The hobgoblin completely misses you.
You hit the hobgoblin. The hobgoblin closely misses you.
You hit the hobgoblin but do no damage. The hobgoblin misses you.
The hobgoblin barely misses you.
You hit the hobgoblin but do no damage. The hobgoblin completely misses you.
You closely miss the hobgoblin. The hobgoblin closely misses you.
You hit the hobgoblin but do no damage. The hobgoblin hits you with a +0 mace.
You barely miss the hobgoblin. The hobgoblin hits you with a +0 mace!
* * * LOW HITPOINT WARNING * * *
You are too injured to fight recklessly!
You are too injured to fight recklessly!
You are too injured to fight recklessly!
You are too injured to fight recklessly!
You are too injured to fight recklessly!
You are too injured to fight recklessly!
You are too injured to fight recklessly!
You are too injured to fight recklessly!
You are too injured to fight recklessly!
You are too injured to fight recklessly!
You swap places.
Your quokka bites the hobgoblin but does no damage.
The hobgoblin hits your quokka with a +0 mace!
Your quokka dies!
Your quokka's corpse disappears in a puff of smoke!
A beastly little devil appears in a puff of flame.
Your bat closely misses the hobgoblin.
The hobgoblin misses you.
You hit the hobgoblin.
Your bat hits the hobgoblin but does no damage.
Your crimson imp blinks!
You barely miss the hobgoblin.
Your bat hits the hobgoblin but does no damage. x3
The hobgoblin barely misses you.
Your crimson imp hits the hobgoblin but does no damage.
You hit the hobgoblin but do no damage.
Your bat completely misses the hobgoblin.
Your bat misses the hobgoblin.
Your bat hits the hobgoblin but does no damage.
The hobgoblin hits you with a +0 mace.
* * * LOW HITPOINT WARNING * * *
Your crimson imp hits the hobgoblin but does no damage.
You hit the hobgoblin but do no damage.
Your bat barely misses the hobgoblin.
Your bat hits the hobgoblin but does no damage.
The hobgoblin hits you with a +0 mace!
You die...

#.....# #.# #.....#
#.#
#.....#########'######
#........r............
#####.##.###.....#####
#.##†# #.....# ##.##.#
##'#'## ###
#<.##.####.#.# #..
#g@##.#....#.# #..
#.5##.#.####.# #..
#b....#.#..#.####..
#.#####.#..#.....##
#.#........#.....#
#.#.###.##.#.....#
#.#..<#....#)....#
#.##########.....#
.......#


You could see a hobgoblin (ally target), a friendly crimson imp (summoned) and a
friendly bat (summoned).

Vanquished Creatures
  A goblin (D:1)
  A jackal (D:1)
  2 quokkas
  A bat (D:1)
  2 rats (D:1)
7 creatures vanquished.

Vanquished Creatures (collateral kills)
  A bat (D:1)
  An endoplasm (D:2)
  2 goblins (D:1)
  A hobgoblin (D:1)
  5 jackals
  2 kobolds (D:1)
  A quokka (D:1)
  A ball python (D:1)
14 creatures vanquished.

Grand Total: 21 creatures vanquished

Notes
Turn   | Place    | Note
-------+----------+-------------------------------------------
     0 | D:1      | CryoSword the Demonspawn Summoner began the quest for the
                  | Orb.
     0 | D:1      | Reached XP level 1. HP: 13/13 MP: 3/3
   520 | D:1      | Gained mutation: You regenerate a little health from kills.
                  | [demonic ancestry]
   520 | D:1      | Reached XP level 2. HP: 16/20 MP: 5/5
  1440 | D:1      | Learned a level 2 spell: Call Imp
  1823 | D:2      | Reached skill level 1 in Fighting
  2090 | D:2      | Slain by a hobgoblin

Illustrated notes

Levels and vault maps discovered:
D:1:      mrwooster_arrival_statue_3, layout_loops_cross
D:2:      layout_basic, basic_altar,
          dreamdust_ecumenical_altar_angels_and_demons, st_stairs_3,
          minmay_pentomino_t2

Skill      XL: |  1  2 |
---------------+-------+-----
Stealth        | 2 |  2.0
Dodging        | 2 |  2.0
Fighting       | 1 |  1.0
Polearms       | |  0.5
Spellcasting   | |  2.1
Summonings     | |  4.3

Action                   || total
-------------------------++-------
Melee: Whip              ||    67
       Unarmed           ||     3
 Cast: Summon Small Mamm ||    44
       Call Imp          ||     1
 Stab: Sleeping          ||     2
       Distracted        ||     1
Armor: Robe              ||    25
Dodge: Dodged            ||    84
